 Dungeon Crawl Stone Soup version 0.25.1-2-g60ff931df9 (webtiles) character file.

Game seed: 5931431716032999278

508 roke1 the Chiller (level 6, -5/35 HPs)
             Began as a Deep Elf Ice Elementalist on Oct 10, 2020.
             Shot with an arrow by a centaur (15 damage)
             ... on level 4 of the Dungeon.
             The game lasted 00:10:38 (4996 turns).

roke1 the Chiller (Deep Elf Ice Elementalist)       Turns: 4996, Time: 00:10:38

Health: -5/35      AC:  3    Str:  7    XL:     6   Next: 98%
Magic:  12/15      EV: 13    Int: 20    God:
Gold:   194        SH:  0    Dex: 15    Spells: 2/14 levels left

rFire    . . .     SeeInvis +   t - +0 dagger (elec)
rCold    . . .     Gourm    .   (no shield)
rNeg     . . .     Faith    .   f - +0 leather armour
rPois    .         Spirit   .   (no helmet)
rElec    .         Reflect  .   (no cloak)
rCorr    .         Harm     .   (no gloves)
MR       .....                  (no boots)
Stlth    ++........             (no amulet)
HPRegen  0.11/turn              (no ring)
MPRegen  0.14/turn              u - ring of see invisible

@: no status effects
A: no striking features
a: no special abilities


You were on level 4 of the Dungeon.
You were not hungry.

You visited 1 branch of the dungeon, and saw 4 of its levels.

You collected 194 gold pieces.

Inventory:

Hand Weapons
 t - a +0 dagger of electrocution (weapon)
Missiles
 b - 133 stones (quivered)
Armour
 f - a +0 leather armour (worn)
Jewellery
 u - a ring of see invisible (right hand)
Wands
 o - a wand of iceblast (7)
Scrolls
 a - a scroll of magic mapping {unknown}
 e - 3 scrolls of remove curse
 i - a scroll of fear {unknown}
 j - a scroll of blinking {unknown}
 l - 3 scrolls of teleportation
 n - a scroll of identify
 s - a scroll of enchant armour {unknown}
Potions
 d - a potion of lignification {unknown}
 g - a potion of stabbing {unknown}
 h - 6 potions of curing
 k - 3 potions of heal wounds {unknown}
 p - 3 potions of brilliance
 q - 2 potions of flight {unknown}
Comestibles
 c - 12 rations
 m - 4 chunks of flesh


   Skills:
 + Level 2.1 Fighting
 + Level 4.2 Dodging
 - Level 2.4 Stealth
 + Level 4.7 Spellcasting
 * Level 3.2 Summonings
 * Level 6.3 Ice Magic


You had 2 spell levels left.
You knew the following spells:

 Your Spells              Type           Power        Failure   Level  Hunger
a - Freeze                Ice            ####         1%          1    None
b - Frozen Ramparts       Ice            ####..       4%          3    ##.....
c - Summon Ice Beast      Ice/Summ       ###.....     24%         4    ####...
d - Hailstorm             Conj/Ice       ###.....     43%         4    ####...

Your spell library contained the following spells:

 Spells                   Type           Power        Failure   Level  Hunger
 Animate Skeleton         Necr           N/A          19%         1    None
 Pain                     Necr           #...         19%         1    None
 Ozocubu's Armour         Chrm/Ice       ###.....     14%         3    ##.....
 Vampiric Draining        Necr           #.........   47%         3    ##.....
 Animate Dead             Necr           N/A          87%         4    ####...
 Agony                    Necr           #.......     99%         5    ######.


Dungeon Overview and Level Annotations

Branches:
Dungeon (4/15)
 Temple: D:4-7

Altars:


Message History

m - 4 chunks of flesh (gained 1)
Okay, then.
Unknown command.
l - 3 scrolls of teleportation (gained 1)
A centaur comes into view.
The centaur shouts!
The centaur wields a +0 shortbow.
The centaur shoots an arrow.
The arrow barely misses you.
You see here an arrow.
The centaur shoots an arrow.
The arrow barely misses you.
The centaur shoots an arrow.
The arrow hits you!
You see here an arrow.
The centaur shoots an arrow.
The arrow hits you.
* * * LOW HITPOINT WARNING * * *
You see here an arrow.
The centaur shoots an arrow.
The arrow closely misses you.
You see here an arrow.
The centaur shoots an arrow.
The arrow barely misses you.
The centaur shoots an arrow.
The arrow hits you!
You die...

#..... ##......#....
#.....
...............#######
........c......## #.
..........##....## #..
....................
............# ###.
#+###..........# ##
#...@((........# #
#####..(.......#
#..((......#
#.........##
#.........#
#.........#
#.........# ##
#.........# #....
##.........# #....


You could see a centaur.

Vanquished Creatures
  Sigmund (D:3)
  A howler monkey (D:4)
  An iguana (D:4)
  Jessica (D:2)
  Natasha (thrice) (D:2)
  9 adders
  An adder zombie (D:2)
  An adder skeleton (D:4)
  2 worms (D:3)
  A dart slug (D:4)
  6 leopard geckos
  7 orcs
  11 bats
  A bat skeleton (D:2)
  2 giant cockroaches
  9 goblins
  6 hobgoblins
  2 jackals (D:3)
  8 kobolds
  2 quokkas (D:3)
  7 ball pythons
  A ball python skeleton (D:2)
  2 frilled lizards
  A leopard gecko skeleton (D:3)
  7 rats
93 creatures vanquished.

Notes
Turn   | Place    | Note
-------+----------+-------------------------------------------
     0 | D:1      | roke1 the Deep Elf Ice Elementalist began the quest for the
                  | Orb.
     0 | D:1      | Reached XP level 1. HP: 10/10 MP: 6/6
   477 | D:1      | Reached XP level 2. HP: 10/16 MP: 5/8
  1638 | D:2      | Reached XP level 3. HP: 12/20 MP: 6/9
  1643 | D:2      | Learned a level 3 spell: Frozen Ramparts
  1875 | D:2      | Noticed Jessica
  1883 | D:2      | Killed Jessica
  1883 | D:2      | Reached skill level 1 in Fighting
  1883 | D:2      | Reached skill level 5 in Ice Magic
  2156 | D:2      | Reached XP level 4. HP: 23/25 MP: 8/11
  2162 | D:2      | Learned a level 4 spell: Summon Ice Beast
  2289 | D:2      | Noticed Natasha
  2293 | D:2      | Killed Natasha
  2311 | D:2      | Noticed Natasha
  2321 | D:2      | Killed Natasha
  2321 | D:2      | Reached skill level 1 in Summonings
  2523 | D:2      | Reached XP level 5. HP: 29/29 MP: 9/13
  2662 | D:2      | Noticed Natasha
  2664 | D:2      | Killed Natasha
  3373 | D:3      | Learned a level 4 spell: Hailstorm
  3521 | D:3      | Noticed Sigmund
  3552 | D:3      | Killed Sigmund
  3552 | D:3      | Reached skill level 6 in Ice Magic
  3552 | D:3      | Reached XP level 6. HP: 8/35 MP: 7/14
  4996 | D:4      | Shot with an arrow by a centaur

Illustrated notes

Levels and vault maps discovered:
D:1:      dpeg_arrival_tiny_a, layout_basic, minmay_misc_feat_x,
          minmay_hexomino_f4
D:2:      minmay_door_path, layout_basic, serial_undead, serial_undead_b,
          serial_undead_e, serial_undead_c, serial_undead_e, uniq_natasha,
          uniq_jessica
D:3:      layout_basic, first_ration, chequers_serial_rivers_small_a,
          minmay_snake_closets, uniq_sigmund
D:4:      layout_basic, nicolae_ashenzari_panopticon, temple_statues,
          fedhas_bush_and_centaur_altar

Skill      XL: |  1  2  3  4  5  6 |
---------------+-------------------+-----
Fighting       | 1 2 |  2.1
Dodging        | 3 4 |  4.2
Ice Magic      | 5 6 |  6.3
Spellcasting   | 4 |  4.7
Summonings     | 1 2 3 |  3.2
Stealth        | |  2.4

Action                   |  1- 3 |  4- 6 || total
-------------------------+-------+-------++-------
Melee: Dagger            |    33 |    82 ||   115
       Unarmed           |     2 |       ||     2
 Cast: Freeze            |    41 |    27 ||    68
       Frozen Ramparts   |     1 |    13 ||    14
  Use: Scroll            |       |     5 ||     5
 Stab: Sleeping          |     3 |    13 ||    16
  Eat: Chunk             |     4 |     9 ||    13
Armor: Robe              |     3 |       ||     3
       Leather armour    |    18 |    18 ||    36
Dodge: Dodged            |    48 |    67 ||   115
